 Dungeon Crawl Stone Soup version 0.23.0-3-gf3c87f2df8 (webtiles) character file.

Game seed: 4004037745826204120

1399 Chiseanne the Sneak (level 8, 0/55 HPs)
             Began as an Octopode Warper on Feb 21, 2019.
             Slain by a sky beast (6 damage)
             ... on level 6 of the Dungeon.
             The game lasted 00:18:38 (5706 turns).

Chiseanne the Sneak (Octopode Warper)               Turns: 5706, Time: 00:18:38

Health: 0/55       AC:  1    Str:  9 (11) XL:     8   Next: 69%
Magic:  14/14      EV: 15    Int: 17      God:
Gold:   218        SH:  0    Dex: 13      Spells: 9/16 levels left

rFire    . . .     SeeInvis .   a - +1 short sword (drain)
rCold    . . .     Gourm    .   (no shield)
rNeg     . . .     Faith    .   (helmet restricted)
rPois    .         Spirit   .   (no amulet)
rElec    .         Reflect  .   (no ring)
rCorr    .         Harm     .   (no ring)
MR       .....                  (no ring)
Stlth    ++++......             (no ring)
HPRegen  0.18/turn              (no ring)
MPRegen  0.14/turn              (no ring)
                                (no ring)
                                (no ring)

@: no status effects
A: almost no armour, stealthy swim, amphibious, 8 rings, constrict 8, camouflage
1, clever 1, screaming 1, wild magic 1, gelatinous body 1
a: no special abilities


You were on level 6 of the Dungeon.
You were not hungry.

You visited 1 branch of the dungeon, and saw 6 of its levels.

You collected 218 gold pieces.

Inventory:

Hand Weapons
 a - a +1 short sword of draining (weapon)
 s - a +2 whip of electrocution
 w - a +0 blowgun
Missiles
 b - 360 stones (quivered)
 d - 5 tomahawks of dispersal
 e - 9 tomahawks
 j - 49 bolts
 m - 120 arrows
 q - 19 sling bullets
 v - 18 poisoned needles
Wands
 g - a wand of acid (7)
Scrolls
 c - 2 scrolls of blinking
 i - a scroll of identify
 l - 2 scrolls of fog
 n - 2 scrolls of magic mapping
 t - 3 scrolls of teleportation
Potions
 k - 2 potions of cancellation
 u - a potion of lignification {unknown}
Comestibles
 f - 8 rations
 h - 2 chunks of flesh


   Skills:
 * Level 5.0 Fighting
 - Level 2.0 Short Blades
 - Level 1.0 Throwing
 * Level 5.1 Dodging
 * Level 6.4 Stealth
 * Level 4.6 Spellcasting
 * Level 5.4 Translocations


You had 9 spell levels left.
You knew the following spells:

 Your Spells              Type           Power        Failure   Level  Hunger
a - Blink                 Tloc           N/A          4%          2    ##.....
b - Shroud of Golubria    Chrm/Tloc      ###.......   12%         2    ##.....
c - Teleport Other        Tloc           ####....     8%          3    ###....

Your spell library contained the following spells:

 Spells                   Type           Power        Failure   Level  Hunger
 Gell's Gravitas          Tloc           ####......   8%          3    ###....
 Lesser Beckoning         Tloc           ####......   8%          3    ###....
 Passage of Golubria      Tloc           N/A          22%         4    ####...


Dungeon Overview and Level Annotations

Branches:
Dungeon (6/15)
 Temple: D:4-7

Altars:
Ashenzari
Dithmenos
Kikubaaqudgha
Xom
Yredelemnul

Shops:
D:6 ?(%

Annotations:
D:6 1 transporter, temitten's ghost, novice MiGl


Innate Abilities, Weirdness & Mutations

You cannot wear most types of armour.
You are very stealthy in the water. (Stealth+)
You are amphibious.
You can wear up to eight rings at the same time.
You can use your tentacles to constrict eight enemies at once.
Your skin changes colour to match your surroundings (Stealth+).
Your rubbery body absorbs attacks. (AC +1, EV +1)
Your mind is acute. (Int +2)
You occasionally shout uncontrollably at your foes.
Your spells are a little harder to cast, but a little more powerful.


Message History

A centaur comes into view.
You barely miss the sky beast.
The centaur shouts!
Your squeeze misses the sky beast.
The sky beast is moderately wounded.
The sky beast hits you. The sky beast shocks you.
You hit the sky beast.
The sky beast is moderately wounded.
The centaur wields a +0 shortbow.
The centaur shoots an arrow.
The arrow hits you!
* * * LOW HITPOINT WARNING * * *
The sky beast closely misses you.
The centaur shoots an arrow.
The arrow closely misses you.
The sky beast flickers out of sight!
Deactivating autopickup; reactivate with Ctrl-A.
The centaur shoots an arrow.
The arrow completely misses you. Something hits you.
* * * LOW HITPOINT WARNING * * *
Something shocks you.
You die...

#.# #.#.# #.# ..
#.#.# #.# o# #.
#.# .#
#.#####.##
##.........
##...####.##
##...>.###.####
#....@)(......#
#..{(<...#.##.#
#...≈....#.##.##
#>......<.......
#.#...#.##.##.##
#.#####.# .# #
#.c .. .......
##.#. #.


You could see a centaur.

Vanquished Creatures
  Pikel (D:4)
  3 ogres
  A necrophage (D:5)
  2 centaurs
  3 crimson imps
  4 orc priests
  An orc wizard (D:4)
  Ijyb (D:5)
  3 worker ants (D:4)
  A killer bee zombie (D:5)
  3 adders
  An ooze (D:5)
  An adder skeleton (D:5)
  A worm (D:2)
  7 leopard geckos
  9 orcs
  7 giant cockroaches
  10 goblins
  10 hobgoblins
  2 jackals (D:3)
  7 kobolds
  3 quokkas
  A ball python (D:4)
  11 bats
  2 frilled lizards
  A leopard gecko skeleton (D:6)
  7 rats
103 creatures vanquished.

Vanquished Creatures (others)
  3 slaves (D:4)
  An orc (D:4)
  A ball python (D:4)
5 creatures vanquished.

Grand Total: 108 creatures vanquished

Notes
Turn   | Place    | Note
-------+----------+-------------------------------------------
     0 | D:1      | Chiseanne the Octopode Warper began the quest for the Orb.
     0 | D:1      | Reached XP level 1. HP: 14/14 MP: 3/3
   292 | D:1      | Reached XP level 2. HP: 19/19 MP: 5/5
   353 | D:1      | Reached skill level 1 in Stealth
   359 | D:1      | Learned a level 2 spell: Blink
   362 | D:1      | Learned a level 2 spell: Shroud of Golubria
   761 | D:1      | Reached XP level 3. HP: 22/25 MP: 6/6
  1101 | D:2      | Found a shattered altar of Ashenzari.
  1261 | D:2      | Reached skill level 2 in Stealth
  1296 | D:2      | Reached XP level 4. HP: 30/30 MP: 7/7
  1904 | D:3      | Found a shimmering altar of Xom.
  2456 | D:3      | Found a basalt altar of Yredelemnul.
  2765 | D:4      | Reached XP level 5. HP: 30/36 MP: 9/9
  2878 | D:4      | Learned a level 3 spell: Teleport Other
  2901 | D:4      | Reached skill level 3 in Stealth
  3035 | D:4      | Noticed Pikel
  3035 | D:4      | Noticed a slave
  3035 | D:4      | Noticed a slave
  3035 | D:4      | Noticed a slave
  3036 | D:4      | Noticed a slave
  3050 | D:4      | Killed Pikel
  3050 | D:4      | Reached skill level 4 in Stealth
  3050 | D:4      | Reached XP level 6. HP: 16/43 MP: 3/11
  3050 | D:4      | Reached XP level 7. HP: 18/48 MP: 3/12
  4003 | D:4      | Found an ancient bone altar of Kikubaaqudgha.
  4151 | D:5      | Entered Level 5 of the Dungeon
  4153 | D:5      | Noticed Ijyb
  4158 | D:5      | Killed Ijyb
  4201 | D:5      | Found a shadowy altar of Dithmenos.
  4330 | D:5      | Reached skill level 5 in Stealth
  4336 | D:5      | Reached XP level 8. HP: 45/53 MP: 12/14
  4340 | D:5      | Gained mutation: Scrolls take you a little longer to read.
                  | [potion of mutation]
  4340 | D:5      | Gained mutation: Your magical capacity is low. (-10% MP)
                  | [potion of mutation]
  4340 | D:5      | Gained mutation: You are agile. (Dex +2) [potion of
                  | mutation]
  4341 | D:5      | Lost mutation: You are agile. (Dex +2) [potion of mutation]
  4341 | D:5      | Lost mutation: Scrolls take you a little longer to read.
                  | [potion of mutation]
  4341 | D:5      | Gained mutation: Your mind is acute. (Int +2) [potion of
                  | mutation]
  4341 | D:5      | Lost mutation: Your magical capacity is low. (-10% MP)
                  | [potion of mutation]
  4341 | D:5      | Gained mutation: You occasionally shout uncontrollably at
                  | your foes. [potion of mutation]
  4341 | D:5      | Gained mutation: Your spells are a little harder to cast,
                  | but a little more powerful. [potion of mutation]
  4370 | D:5      | Reached skill level 5 in Translocations
  4999 | D:5      | Reached skill level 6 in Stealth
  5206 | D:6      | Reached skill level 5 in Dodging
  5226 | D:6      | Reached skill level 5 in Fighting
  5415 | D:6      | Noticed temitten's ghost (novice MiGl)
  5416 | D:6      | Found a transporter.
  5465 | D:6      | Found Tauwn's Antique Weapon Boutique.
  5473 | D:6      | Found Ameticw's Magic Scroll Emporium.
  5600 | D:6      | Found Notrom's Food Boutique.
  5706 | D:6      | Slain by a sky beast

Skill      XL: |  1  2  3  4  5  6  7  8 |
---------------+-------------------------+-----
Stealth        | 1 2 4 5 6 |  6.4
Dodging        | 3 4 5 |  5.1
Fighting       | 4 5 |  5.0
Spellcasting   | 3 4 |  4.6
Translocations | 4 5 |  5.4
Short Blades   | |  2.0
Throwing       | |  1.0

Action                   |  1- 3 |  4- 6 |  7- 9 || total
-------------------------+-------+-------+-------++-------
Melee: Short sword       |    69 |    49 |    99 ||   217
       Constrict         |    16 |    15 |    19 ||    50
       Tentacles         |     9 |     9 |    12 ||    30
       Dagger            |       |    21 |       ||    21
       Whip              |       |       |     8 ||     8
 Fire: Blowgun           |       |       |     9 ||     9
Throw: Throwing net      |       |     1 |       ||     1
 Cast: Shroud of Golubri |     1 |     3 |       ||     4
       Blink             |       |       |    13 ||    13
       Teleport Other    |       |       |     1 ||     1
Evoke: Wand              |       |       |     2 ||     2
  Use: Scroll            |     4 |     2 |     2 ||     8
       Potion            |       |       |     6 ||     6
 Stab: Sleeping          |    17 |     6 |     7 ||    30
       Held in net/web   |       |     3 |       ||     3
       Distracted        |       |       |     1 ||     1
  Eat: Chunk             |     1 |     6 |     6 ||    13
       Ration            |       |       |     1 ||     1
Armor: Skin              |    12 |     8 |     2 ||    22
Dodge: Dodged            |    40 |    39 |    83 ||   162
